 Dungeon Crawl Stone Soup version 0.30.0-19-g36f170ea60 (webtiles) character file.

Game seed: 11722405483515667712

1627 MacCMillion the Zephyrmancer (level 8, 0/46 HPs)
             Began as a Tengu Air Elementalist on May 30, 2023.
             Slain by a centaur (1 damage)
             ... on level 7 of the Dungeon.
             The game lasted 00:17:31 (8065 turns).

MacCMillion the Zephyrmancer (TeAE)                 Turns: 8065, Time: 00:17:32

Health: 0/46       AC:  2    Str:  9    XL:     8   Next: 97%
Magic:  13/15      EV: 21    Int: 18    God:
Gold:   355        SH:  5    Dex: 14    Spells: 5/15 levels left

rFire   . . .        y - +4 dagger
rCold   + . .        (no shield)
rNeg    . . .        a - +0 robe
rPois   .            (helmet restricted)
rElec   .            (no cloak)
rCorr   .            (no gloves)
SInv    .            (boots unavailable)
Will    .....        t - amulet of reflection
Stlth   ++           g - +5 ring of evasion
HPRegen 0.27/turn    x - ring of protection from cold
MPRegen 0.14/turn

%: reflection
@: flying quickly and evasively, quick
A: beak, talons 3, nimble flight
a: no special abilities


You were on level 7 of the Dungeon.
You visited 1 branch of the dungeon, and saw 7 of its levels.

You collected 355 gold pieces.

Inventory:

Hand Weapons
 j - a +0 dagger of venom
 y - a +4 dagger (weapon)
Missiles
 B - a throwing net
Armour
 a - a +0 robe (worn)
Jewellery
 g - a +5 ring of evasion (left hand)
 p - an amulet of faith
 q - a ring of positive energy
 t - an amulet of reflection (around neck)
 x - a ring of protection from cold (right hand)
 C - a ring of see invisible
Wands
 A - a wand of polymorph (14)
Scrolls
 d - a scroll of identify
 f - 3 scrolls of fog {unknown}
 i - 2 scrolls of noise {unknown}
 o - 2 scrolls of teleportation {unknown}
 r - a scroll of butterflies {unknown}
 u - a scroll of fear {unknown}
 v - a scroll of enchant weapon {unknown}
 D - a scroll of blinking {unknown}
Potions
 b - a potion of magic
 c - 5 potions of curing
 e - 2 potions of mutation {unknown}
 h - 2 potions of flight
 k - 2 potions of might {unknown}
 l - 3 potions of ambrosia
 m - 2 potions of berserk rage
 n - 2 potions of cancellation {unknown}
 s - a potion of invisibility {unknown}
 w - 4 potions of heal wounds
 z - a potion of haste {unknown}


   Skills:
 + Level 3.5 Fighting
 + Level 4.6 Dodging
 - Level 2.0 Stealth
 - Level 4.0 Spellcasting
 - Level 5.0 Conjurations
 + Level 11.1 Air Magic


You had 5 spell levels left.
You knew the following spells:

 Your Spells              Type           Power      Damage    Failure   Level
a - Shock                 Conj/Air       100%       1d9       1%          1
b - Static Discharge      Conj/Air       64%        2-5/arc   1%          2
c - Swiftness             Air            43%        N/A       1%          3
d - Airstrike             Air            21%        2d(4-20)  1%          4

Your spell library contained the following spells:

 Spells                   Type           Power      Damage    Failure   Level


Dungeon Overview and Level Annotations

Branches:
Dungeon (7/15)
 Temple: D:4-7

Altars:
Hepliaklqana
Okawaru
Uskayaw

Shops:
D:6 (

Annotations:
D:4 3 runed translucent doors, Name63's ghost, novice FoFi; Sigmund
D:7 Prince Ribbit


Innate Abilities, Weirdness & Mutations

You have a beak for a mouth.
You have claws for feet.
Your magical nature lets you fly swiftly and evasively.


Message History

The howler monkey is severely wounded.
The howler monkey closely misses you.
The zap hits the howler monkey!
You kill the howler monkey!
You start resting.
Magic restored.
A centaur comes into view.
The centaur wields a +1 shortbow of flaming.
It bursts into flame!
The centaur shoots an arrow.
The arrow hits you! The arrow burns you.
You start resting.
The centaur shoots an arrow.
You block the arrow with an invisible shield... and reflect it back!
The arrow barely misses the centaur.
You start resting.
A centaur is nearby!
The centaur shoots an arrow.
The arrow hits you! The arrow burns you.
The centaur shoots an arrow.
The arrow hits you!
* * * LOW HITPOINT WARNING * * *
The arrow burns you.
* * * LOW HITPOINT WARNING * * *
The centaur shoots an arrow.
The arrow hits you.
* * * LOW HITPOINT WARNING * * *
The arrow burns you.
* * * LOW HITPOINT WARNING * * *
The centaur unwields a +1 shortbow of flaming.
It stops flaming.
The centaur closely misses you. The centaur completely misses you.
Casting: Shock (safe; 1% risk of failure)
Confirm with . or Enter, or press ? or * to list all spells.
The centaur is struck by an arc of lightning.
The centaur is lightly wounded.
You are struck by an arc of lightning.
* * * LOW HITPOINT WARNING * * *
The centaur is struck by an arc of lightning.
The centaur is heavily wounded.
The lightning grounds out.
The centaur hits you.
* * * LOW HITPOINT WARNING * * *
The centaur kicks you.
You die...

#.#.. #.#.# #.#.#
##.#.# ##..#.#
##### #..##.#
####....
##.###.####....###
#c.###......######
#@#....###### ##.
#...##.# #..
######.# #.. #.#
#.. #.# #.. ###
#.. ##. #.. #..


You could see a centaur.

Vanquished Creatures
  2 water moccasins (D:6)
  2 ice beasts (D:5)
  A sky beast (D:7)
  A phantom (D:5)
  A scorpion (D:6)
  5 wights (D:6)
  A howler monkey (D:7)
  3 jellies
  2 hounds
  An orc priest (D:4)
  An iguana (D:5)
  2 sleepcaps (D:6)
  8 orc wizards
  Robin (D:2)
  3 gnolls (D:3)
  4 adders
  A shadow imp (D:5)
  3 white imps (D:5)
  4 ufetubi (D:5)
  2 worms (D:3)
  2 dart slugs (D:1)
  24 orcs
  5 endoplasms
  4 giant cockroaches
  11 goblins
  5 hobgoblins
  6 kobolds
  5 quokkas
  3 training dummies (D:6)
  6 ball pythons
  12 bats
  3 frilled lizards
  4 rats (D:1)
138 creatures vanquished.

Notes
Turn   | Place    | Note
-------+----------+-------------------------------------------
     0 | D:1      | MacCMillion the Tengu Air Elementalist began the quest for
                  | the Orb.
     0 | D:1      | Reached XP level 1. HP: 10/10 MP: 4/4
   307 | D:1      | Reached XP level 2. HP: 9/15 MP: 1/6
   330 | D:1      | Learned a level 2 spell: Static Discharge
   818 | D:1      | Reached XP level 3. HP: 19/19 MP: 3/7
  2170 | D:2      | Noticed Robin
  2182 | D:2      | Killed Robin
  2183 | D:2      | Reached skill level 5 in Air Magic
  2183 | D:2      | Reached XP level 4. HP: 23/24 MP: 1/9
  3869 | D:3      | Gained mutation: Your magical nature lets you fly swiftly
                  | and evasively. [Tengu growth]
  3869 | D:3      | Reached XP level 5. HP: 24/28 MP: 4/10
  4634 | D:4      | Noticed Sigmund
  4717 | D:4      | Reached XP level 6. HP: 32/32 MP: 5/12
  4747 | D:4      | Reached skill level 6 in Air Magic
  4929 | D:4      | Reached skill level 5 in Conjurations
  5290 | D:4      | Found a runed translucent gate.
  5290 | D:4      | Found a runed translucent gate.
  5290 | D:4      | Found a runed translucent gate.
  5318 | D:4      | Noticed an ice beast
  5318 | D:4      | Noticed Name63's ghost (novice FoFi)
  5338 | D:5      | Entered Level 5 of the Dungeon
  5348 | D:5      | Found a hazy altar of Hepliaklqana.
  5526 | D:5      | Reached skill level 7 in Air Magic
  5567 | D:5      | Reached XP level 7. HP: 9/36 MP: 5/14
  5768 | D:5      | Reached skill level 8 in Air Magic
  6082 | D:5      | Reached skill level 9 in Air Magic
  6303 | D:5      | Found a hide-covered altar of Uskayaw.
  6405 | D:5      | Reached XP level 8. HP: 41/41 MP: 11/15
  6554 | D:6      | Found an iron altar of Okawaru.
  6653 | D:6      | Reached skill level 10 in Air Magic
  6697 | D:6      | Learned a level 3 spell: Swiftness
  6702 | D:6      | Learned a level 4 spell: Airstrike
  6880 | D:6      | Reached skill level 1 in Fighting
  7310 | D:6      | Found Vuinilui's Firing Range.
  7637 | D:7      | Noticed Prince Ribbit
  7812 | D:7      | Reached skill level 11 in Air Magic
  8065 | D:7      | HP: 2/46 [/static electricity (4)]
  8065 | D:7      | Slain by a centaur

Illustrated notes

Levels and vault maps discovered:
D:1:      evilmike_arrival_rings, layout_basic
D:2:      layout_basic, grunt_decor_junction, kennysheep_generic_room_10,
          uniq_robin
D:3:      layout_rooms, minmay_surrounded
D:4:      layout_gridville, minmay_temple_entry_tees, gammafunk_ghost_icy,
          uniq_sigmund
D:5:      layout_basic, nicolae_overflow_hidden_temple, lemuel_tele_altar,
          serial_demonic, serial_demonic_f, serial_demonic_f, serial_demonic_g,
          serial_demonic_g, serial_demonic_d, serial_demonic_a
D:6:      layout_cave_pools, amcnicky_altar_gilded, nicolae_shop_firing_range
D:7:      layout_rooms, mainiacjoe_overflow_alcove_2, uniq_maggie,
          uniq_prince_ribbit1

Skill      XL: |  1  2  3  4  5  6  7  8 |
---------------+-------------------------+-----
Conjurations   | 2 3 4 5 |  5.0
Air Magic      | 5 7 9 11 | 11.1
Spellcasting   | 3 4 |  4.0
Fighting       | 3 |  3.5
Dodging        | 4 |  4.6
Stealth        | |  2.0

Action                     |  1- 3 |  4- 6 |  7- 9 || total
---------------------------+-------+-------+-------++-------
  Melee: Dagger            |     2 |    13 |     7 ||    22
         Kick              |       |     2 |     3 ||     5
         Peck              |       |       |     3 ||     3
   Cast: Shock             |    70 |   127 |   103 ||   300
         Static Discharge  |     1 |    14 |    23 ||    38
         Airstrike         |       |       |     2 ||     2
    Use: Scroll            |       |       |     5 ||     5
         Potion            |       |       |     1 ||     1
   Stab: Sleeping          |     1 |       |       ||     1
 Armour: Robe              |       |     3 |     2 ||     5
  Dodge: Dodged            |    17 |    32 |    29 ||    78
  Block: Other             |       |    10 |     8 ||    18
         Reflection        |       |       |     1 ||     1
